cohdb
Replays
Latest Replays
All Replays
Popular Replays
Top Player Replays
Match Explorer
How It Works
Community
CoH3 Stats
Reddit
Sign in to upload your games and track your stats! →
Sign in with Steam
Match 41956529
Unlisted
Match 41956529
Overview
Messages
Build Orders
End
Selects Airborne Battlegroup
Selects Heavy Machine Gun Paradrop
Heavy Machine Gun Paradrop
Construct Barracks
Riflemen Squad
Heavy Machine Gun Paradrop
Grenade Package
Construct Weapon Support Center
Riflemen Squad
M1 Mortar Team
Mechanized Support Center
Construct Medical Station
M3 Armored Personnel Carrier
Selects Paratrooper Squad Paradrop
Paratrooper Squad Paradrop
Scout Squad
Bazooka Squad
Selects Anti-tank Gun Team Paradrop
Selects Recon Loiter
Recon Loiter
Construct Motor Pool
M1918 Browning Automatic Rifles
Nietzsche
Glitshy
∞ | IQ200
Brother
0
0
Comments
sign in to comment!
No comments posted yet!